 Dungeon Crawl Stone Soup version 0.29.0-4-gdea44cf6ec (webtiles) character file.

Game seed: 876668349001369788

40 qw the Chopper (level 3, -11/23 HPs)
             Began as a Gargoyle Fighter on Sept 9, 2022.
             Engulfed by a cloud of flame (15 damage)
             ... on level 1 of the Dungeon.
             The game lasted 00:00:27 (1000 turns).

qw the Chopper (Gargoyle Fighter)                   Turns: 1000, Time: 00:00:28

Health: -11/23     AC: 10    Str: 21    XL:     3   Next: 50%
Magic:  3/3        EV: 13    Int:  8    God:
Gold:   53         SH:  4    Dex:  9    Spells: 2/2 levels left

rFire   . . .      SeeInvis .   Y - +1 war axe
rCold   . . .      Faith    .   c - +0 buckler
rNeg    + . .      Spirit   .   b - +0 scale mail
rPois   inf        Reflect  .   (no helmet)
rElec   +          Harm     .   (no cloak)
rCorr   .          Rampage  .   (no gloves)
Will    .....                   (no boots)
Stlth   ..........              (no amulet)
HPRegen 0.07/turn               f - +4 ring of evasion
MPRegen 0.08/turn               h - +4 ring of slaying {mikee}

@: no status effects
A: sickness immunity, AC +3, negative energy resistance 1, electricity
resistance, torment resistance 1, petrification resistance
a: no special abilities


You were on level 1 of the Dungeon.
You visited 1 branch of the dungeon, and saw 2 of its levels.

You collected 53 gold pieces.


Innate Abilities, Weirdness & Mutations

You are immune to sickness and miasma.
Your stone body is resilient. (AC +3)
You are immune to poison.
You resist negative energy. (rN+)
You are resistant to electric shocks. (rElec)
You are resistant to unholy torment.
You are immune to petrification.


   Skills:
 - Level 3.2 Fighting
 + Level 3.4 Axes
 - Level 3.2 Armour
 - Level 3.2 Shields


You had 2 spell levels left.
You didn't know any spells.
Your spell library was empty.

Inventory:

Hand Weapons
 j - a +0 flail
 Y - a +1 war axe (weapon)
Armour
 b - a +0 scale mail (worn)
 c - a +0 buckler (worn)
Jewellery
 f - a +4 ring of evasion (left hand)
 h - a +4 ring of slaying (right hand) {mikee}
Potions
 a - a potion of degeneration {unknown}
 d - 2 potions of might
 g - a potion of ambrosia {unknown}

Dungeon Overview and Level Annotations

Branches:
Dungeon (2/15)

Altars:


Message History

You kill the bat!
The goblin shouts!
You slash the goblin!
You kill the goblin!
g - a sapphire potion
Things that are here:
a +0 dagger; a goblin corpse As you open the door, it creaks loudly!
There is an open door here.
There is an open door here.
A bat comes into view.
Enter note: The bat hits you but does no damage.
You slash the bat!
You kill the bat!
You see here 4 stones.
A frilled lizard comes into view.
The frilled lizard is engulfed in blazing flames.
The frilled lizard dies!
A kobold comes into view. It is wielding a +0 dagger.
The kobold shouts!
The kobold is engulfed in blazing flames.
The kobold dies!
Enter note:
Enter note: You're in a travel-excluded area, stopping explore.
You're in a travel-excluded area, stopping explore.
998 ||| READING scroll labelled AMPOXE FAWIATI.
As you read the scroll labelled AMPOXE FAWIATI, it crumbles to dust.
It is a scroll of identify.
Really abort (and waste the scroll)?
You're in a travel-excluded area, stopping explore.
You're in a travel-excluded area, stopping explore.
999 ||| Stepping randomly (stuck).
You are engulfed in blazing flames.
Ouch! That really hurt!
You're standing in a cloud of flame!
You are engulfed in blazing flames.
Ouch! That really hurt!
You die...

###.# #....#
#########...# #.....
#.........#.# #...##
#.#####...### #...##
#.# #000# #..## #.#
#0¤0# #..# #.# #¤¤0#
#..#
#.#####...#####..##
#..@0¤.......0...%##
#..¤0¤.....¤¤0.....#
##.00¤.....¤¤0.##..#
######.?.##### #..#
#.0¤# #..# #¤0¤#
###..# #¤..# #.....
#...# ###.....
#.####.......


There were no monsters in sight!

Vanquished Creatures
  A gnoll (D:1)
  A ball python (D:1)
  4 endoplasms (D:1)
  2 hobgoblins (D:1)
  2 jackals (D:1)
  6 kobolds
  A quokka (D:1)
  6 bats
  A frilled lizard (D:1)
  4 goblins (D:1)
  A rat (D:1)
29 creatures vanquished.

Vanquished Creatures (others)
  A frilled lizard (D:1)
  A kobold (D:1)
  3 plants
5 creatures vanquished.

Grand Total: 34 creatures vanquished

Notes
Turn   | Place    | Note
-------+----------+-------------------------------------------
     0 | D:1      | qw the Gargoyle Fighter began the quest for the Orb.
     0 | D:1      | Reached XP level 1. HP: 14/14 MP: 1/1
     0 | D:1      | 0 ||| qw: Version: 0.1-a-113-g051387a
     0 | D:1      | 0 ||| qw: Game counter: 7288
     0 | D:1      | 0 ||| qw: Always use a shield: true
     0 | D:1      | 0 ||| qw: God list: Okawaru
     0 | D:1      | 0 ||| qw: Allow faded altars: false
     0 | D:1      | 0 ||| qw: Do Orc after D:15 true
     0 | D:1      | 0 ||| qw: Do second Lair branch before Depths: true
     0 | D:1      | 0 ||| qw: Lair rune preference: random
     0 | D:1      | 0 ||| qw: Plans: Normal, Zot, God:TSO, Crypt, Tomb, Zig,
                  | Orb
     0 | D:1      | 0 ||| PLANNING D:1-11
    22 | D:1      | 22 ||| Stepping ~*~*~tactically~*~*~ (stealth).
   336 | D:1      | HP: 2/14 [gnoll/+0 flail (2)]
   338 | D:1      | Reached XP level 2. HP: 4/19 MP: 2/2
   344 | D:1      | Reached skill level 3 in Axes
   347 | D:1      | HP: 1/19 [quokka (3)]
   634 | D:1      | 634 ||| DROPPING +0 club.
   637 | D:1      | You fall into a shaft and drop 1 floor!
   685 | D:2      | Reached XP level 3. HP: 23/23 MP: 3/3
   696 | D:2      | 696 ||| UPGRADING to +4 ring of evasion.
   697 | D:2      | 697 ||| UPGRADING to +4 ring of slaying {mikee}.
   698 | D:2      | 698 ||| READING scroll labelled HOGUMO FUONOR.
   705 | D:2      | 705 ||| READING scroll labelled CYFAIL PIEGINN.
   735 | D:1      | 735 ||| Stepping ~*~*~tactically~*~*~ (stealth).
   755 | D:1      | 755 ||| Stepping ~*~*~tactically~*~*~ (stealth).
   826 | D:1      | 826 ||| Stepping ~*~*~tactically~*~*~ (stealth).
   829 | D:1      | 829 ||| Stepping ~*~*~tactically~*~*~ (stealth).
   998 | D:1      | 998 ||| READING scroll labelled AMPOXE FAWIATI.
   999 | D:1      | 999 ||| Stepping randomly (stuck).
   999 | D:1      | HP: 3/23 [something (20)]
  1000 | D:1      | Engulfed by a cloud of flame

Levels and vault maps discovered:
D:1:      tarquinn_simple_flora_water_b, layout_rooms,
          chequers_serial_rivers_micro_b, lemuel_flame_loot_1
D:2:      kennysheep_the_goblin_king, layout_loops_ring, serial_forest,
          infiniplex_forest_clump_small, infiniplex_forest_clump_tiny,
          infiniplex_forest_clump_curved, infiniplex_forest_clump_C,
          infiniplex_forest_clump_long, infiniplex_forest_clump_double

Skill      XL: |  1  2 |
---------------+-------+-----
Axes           | 2 3 |  3.4
Fighting       | |  3.2
Armour         | |  3.2
Shields        | |  3.2

Action                   || total
-------------------------++-------
Melee: War axe           ||    75
  Use: Scroll            ||     3
Armor: Scale mail        ||    39
Dodge: Dodged            ||    41
Block: Buckler           ||    12

Table legend:
 A = Non-vault XP
 B = Vault XP
 C = Vault XP percentage of total XP
 D = Non-vault monster count
 E = Vault monster count
 F = Vault count percentage of total count
                 A         B        C        D         E       F
            +---------+---------+-------+---------+---------+-------
      Total |      58 |       0 |   0.0 |      29 |       0 |   0.0
            +---------+---------+-------+---------+---------+-------
        D:1 |      54 |       0 |   0.0 |      26 |       0 |   0.0
        D:2 |       4 |       0 |   0.0 |       3 |       0 |   0.0
            +---------+---------+-------+---------+---------+-------
